 Dungeon Crawl Stone Soup version 0.28-a0-852-gbbce81c95b (webtiles) character file.

Game seed: 9850276230156515201

14142 Htamos the Destroyer (level 11, -3/100 HPs)
             Began as a Demigod Conjurer on Nov 15, 2021.
             Slain by a vampire (8 damage)
             ... on level 11 of the Dungeon.
             The game lasted 00:50:59 (17824 turns).

Htamos the Destroyer (Demigod Conjurer)            Turns: 17824, Time: 00:50:59

Health: -3/100     AC: 10    Str: 16    XL:     11   Next: 55%
Magic:  27/27      EV:  9    Int: 24    God:
Gold:   438        SH:  9    Dex: 12    Spells: 23/26 levels left

rFire   . . .      SeeInvis .   l - +1 scimitar (holy)
rCold   . . .      Faith    .   K - +1 kite shield {reflect}
rNeg    . . .      Spirit   .   D - +0 troll leather armour
rPois   .          Reflect  +   g - +1 hat
rElec   .          Harm     .   (no cloak)
rCorr   +          Rampage  .   (no gloves)
Will    +....                   (no boots)
Stlth   ++........              (no amulet)
HPRegen 1.26/turn               p - ring of resist corrosion
MPRegen 0.20/turn               x - +4 ring of protection

@: no status effects
A: high mp 1, forlorn, robust 1, wild magic 2
a: no special abilities


You were on level 11 of the Dungeon.
You visited 2 branches of the dungeon, and saw 12 of its levels.

You collected 732 gold pieces.
You spent 294 gold pieces at shops.

Inventory:

Hand Weapons
 b - a +0 falchion
 j - a +8 dagger of draining
 l - a +1 scimitar of holy wrath (weapon)
 o - a +2 dagger of electrocution
 r - a +2 vampiric dagger
 y - a +0 long sword
 z - a +2 rapier of speed
Missiles
 u - 33 poisoned darts
 C - 2 throwing nets (quivered)
Armour
 a - a +0 robe
 d - a +0 plate armour of fire resistance
 g - a +1 hat (worn)
 v - a +0 chain mail
 B - a +0 ring mail
 D - a +0 troll leather armour (worn)
 G - +0 acid dragon scales
 K - a +1 kite shield of reflection (worn)
 L - the +10 plate armour of Awe {rN+ Dex+2}
   (You took it off a gnoll on level 9 of the Dungeon)

   Dex:       It affects your dexterity (+2).
   rN:        It protects you from negative energy.
Magical Staves
 c - a staff of earth
Jewellery
 m - a ring of fire
 p - a ring of resist corrosion (left hand)
 x - a +4 ring of protection (right hand)
 E - a ring of positive energy
 F - a ring of willpower
Wands
 h - a wand of flame (12)
 k - a wand of paralysis (4)
 H - a wand of mindburst (6)
Scrolls
 e - 9 scrolls of identify {@rr}
 q - a scroll of immolation
 t - 2 scrolls of enchant armour
 A - 2 scrolls of noise
 I - a scroll of fear
 J - 2 scrolls of blinking {unknown}
Potions
 f - a potion of magic
 i - 3 potions of flight
 n - 2 potions of brilliance
 w - a potion of curing {@qc}
Miscellaneous
 s - a lightning rod (inert)


   Skills:
 + Level 6.8 Fighting
 - Level 5.1 Short Blades
 + Level 6.9 Armour
 - Level 1.9 Dodging
 - Level 1.9 Stealth
 + Level 3.8 Shields
 * Level 8.2 Spellcasting
 * Level 10.6 Conjurations


You had 23 spell levels left.
You knew the following spells:

 Your Spells              Type           Power      Damage    Failure   Level
a - Magic Dart            Conj           100%       1d8       2%          1
b - Searing Ray           Conj           100%       2d8       3%          2

Your spell library contained the following spells:

 Spells                   Type           Power      Damage    Failure   Level
 Shock                    Conj/Air       100%       1d9       10%         1
 Dazzling Flash           Conj/Hex       100%       N/A       22%         3
 Mephitic Cloud           Conj/Pois/Air  43%        N/A       38%         3
 Freeze                   Ice            60%        1d8       50%         1
 Fulminant Prism          Conj/Hex       27%        3d14      52%         4
 Hailstorm                Conj/Ice       54%        3d12      52%         4
 Iskenderun's Mystic Bla  Conj/Tloc      54%        2d12      52%         4
 Call Imp                 Summ           15%        N/A       61%         2
 Frozen Ramparts          Ice            30%        1d5       82%         3
 Swiftness                Air            15%        N/A       82%         3
 Airstrike                Air            7%         N/A       99%         4


Dungeon Overview and Level Annotations

Branches:
Dungeon (11/15)            Temple (1/1) D:4            Lair (0/6) D:11
    Orc (0/2) D:9

Shops:
D:3 :   D:4 ?   D:6 *   D:8 [


Innate Abilities, Weirdness & Mutations

Your attributes grow dramatically as you level up.
You have an increased reservoir of magic. (+10% MP)
You shall have no god before yourself.
You are robust. (+10% HP)
Your spells are harder to cast, but more powerful.


Message History

Something draws strength from your injuries!
Something hits you but does no damage. You block something's attack.
Unknown command.
You feel better. Something hits you but does no damage. Something bites you!
* * * LOW HITPOINT WARNING * * *
Something draws strength from your injuries!
Unknown command.
You miss something. You block something's attack.
Something bites you but does no damage.
You hit something but do no damage. Something hits you but does no damage.
Something bites you but does no damage. Something hits you!
* * * LOW HITPOINT WARNING * * *
Something bites you!
* * * LOW HITPOINT WARNING * * *
Something draws strength from your injuries!
Unknown command.
Aiming: Thunderbolt
Press: ? - help, Shift-Dir - straight line The thunderbolt hits something.
Something hits you.
* * * LOW HITPOINT WARNING * * *
Something bites you but does no damage.
Unknown command.
Aiming: Thunderbolt
Press: ? - help, Shift-Dir - straight line, f - you That would be overly suicidal.
Okay, then.
Aiming: Thunderbolt
Press: ? - help, Shift-Dir - straight line The thunderbolt hits something!
The lightning rod overheats!
You hear some strange, mumbled words.
Something tries to affect you, but you resist.
Unknown command.
Unknown command.
Casting: Searing Ray (safe; 3% risk of failure)
Confirm with . or Enter, or press ? or * to list all spells.
You can't see any susceptible monsters within range! (Use Z to cast anyway.)
You miss something. Something hits you!
* * * LOW HITPOINT WARNING * * *
Something bites you!
You die...

##.#### #...... #......
##########################
.........................
##..#....................
#..............#.........
#.#...#..##.......###....
##......{@##.......# #....
...).#....##.......###[...
......................)....
###########################


There were no monsters in sight!

Vanquished Creatures
  Harold (D:7)
  3 two-headed ogres
  3 death yaks
  Maurice (D:10)
  A kobold demonologist (D:5)
  4 trolls
  2 shadows
  A vampire (D:11)
  12 yaks (D:10)
  A steam dragon (D:8)
  2 acid dragons
  A water moccasin (D:6)
  A swamp drake (D:9)
  3 black bears
  5 orc warriors
  An ice beast (D:7)
  A sky beast (D:6)
  A necrophage (D:4)
  3 ogres
  A wolf (D:9)
  9 centaurs
  3 phantoms
  4 kobold brigands
  Blork the orc (D:6)
  2 bullfrogs
  3 gnoll sergeants
  5 scorpions
  13 killer bees
  4 wights
  6 howler monkeys
  2 jellies (D:7)
  3 centaur zombies
  A bullfrog skeleton (D:6)
  A gnoll shaman (D:9)
  7 orc priests
  6 hounds (D:9)
  3 iguanas
  Jessica (D:2)
  11 orc wizards
  A hell rat (D:11)
  A killer bee zombie (D:7)
  A howler monkey zombie (D:7)
  18 gnolls
  A howler monkey skeleton (D:6)
  8 adders
  2 shadow imps
  2 white imps
  An adder skeleton (D:4)
  5 worms
  29 orcs
  8 bats
  5 endoplasms
  2 giant cockroaches (D:1)
  11 goblins
  3 hobgoblins
  8 jackals
  6 quokkas
  4 ball pythons
  3 frilled lizards
  24 kobolds
  8 rats
284 creatures vanquished.

Vanquished Creatures (others)
  A hound (D:9)
  An orc wizard (D:4)
  A bush (D:10)
  2 fungi (D:8)
  A plant (D:8)
6 creatures vanquished.

Grand Total: 290 creatures vanquished

Notes
Turn   | Place    | Note
-------+----------+-------------------------------------------
     0 | D:1      | Htamos the Demigod Conjurer began the quest for the Orb.
     0 | D:1      | Reached XP level 1. HP: 14/14 MP: 5/5
   382 | D:1      | Reached XP level 2. HP: 20/20 MP: 1/7
   976 | D:2      | Noticed Jessica
   980 | D:2      | Killed Jessica
   981 | D:2      | Reached skill level 4 in Conjurations
   981 | D:2      | Reached XP level 3. HP: 18/27 MP: 3/9
  1089 | D:2      | Reached skill level 1 in Fighting
  1371 | D:2      | Reached skill level 1 in Armour
  1665 | D:2      | Reached XP level 4. HP: 35/35 MP: 5/10
  2152 | D:3      | Found Yreom's Book Shoppe.
  3223 | D:4      | Noticed a necrophage
  3231 | D:4      | Killed a necrophage
  3232 | D:4      | Reached XP level 5. HP: 37/40 MP: 7/12
  3235 | D:4      | Learned a level 2 spell: Searing Ray
  3622 | D:3      | Reached skill level 1 in Short Blades
  3958 | D:4      | Found a staircase to the Ecumenical Temple.
  3972 | Temple   | Entered the Ecumenical Temple
  4096 | D:4      | Found Onuf's Magic Scroll Shoppe.
  4105 | D:4      | Reached XP level 6. HP: 29/48 MP: 5/14
  4112 | D:4      | Bought a scroll of enchant armour for 90 gold pieces
  4112 | D:4      | Bought a scroll of identify for 24 gold pieces
  4454 | D:4      | Reached skill level 5 in Conjurations
  4920 | D:5      | Entered Level 5 of the Dungeon
  5134 | D:5      | Reached XP level 7. HP: 41/56 MP: 6/16
  6026 | D:5      | Noticed a troll
  6027 | D:5      | Noticed a kobold demonologist
  6039 | D:5      | Noticed a soul eater
  6042 | D:5      | Reached skill level 6 in Conjurations
  6044 | D:5      | Noticed a soul eater
  6046 | D:5      | Killed a troll
  6047 | D:5      | Reached XP level 8. HP: 54/63 MP: 1/18
  6047 | D:5      | Noticed an orange demon
  6302 | D:5      | Noticed a rust devil
  6303 | D:5      | Killed a kobold demonologist
  6971 | D:7      | Reached skill level 5 in Spellcasting
  7176 | D:7      | Reached skill level 7 in Conjurations
  7397 | D:7      | Noticed Harold
  8353 | D:7      | Killed Harold
  8354 | D:7      | Reached XP level 9. HP: 19/72 MP: 21/21
  9001 | D:6      | Reached skill level 8 in Conjurations
  9280 | D:6      | Noticed Blork the orc
  9621 | D:6      | Killed Blork the orc
  9707 | D:6      | Reached skill level 5 in Armour
 10033 | D:6      | Found Diw Wysm's Mayhem Merchandise.
 10277 | D:8      | Saw a vision of the Swamp and the Spider Nest.
 10277 | D:8      | Noticed a will-o-the-wisp
 10277 | D:8      | Noticed a will-o-the-wisp
 10277 | D:8      | Noticed a wolf spider
 10278 | D:8      | Noticed a wolf spider
 10310 | D:8      | Noticed a two-headed ogre
 10745 | D:8      | Found Picritoo's Antique Armour Emporium.
 10749 | D:8      | Noticed a two-headed ogre
 10926 | D:8      | Reached skill level 5 in Fighting
 11454 | D:8      | Bought a glowing kite shield for 180 gold pieces
 11580 | D:8      | Killed a two-headed ogre
 11581 | D:8      | Reached skill level 5 in Short Blades
 11581 | D:8      | Reached XP level 10. HP: 78/81 MP: 23/23
 11860 | D:9      | Identified the +10 plate armour of Awe {rN+ Dex+2}
 12641 | D:9      | Reached skill level 9 in Conjurations
 12781 | D:9      | Paralysed by an orc priest for 5 turns
 12968 | D:10     | Entered Level 10 of the Dungeon
 13529 | D:10     | Noticed Maurice
 13536 | D:10     | Reached skill level 1 in Shields
 13602 | D:10     | Killed Maurice
 13918 | D:10     | Noticed a two-headed ogre
 14170 | D:11     | Found a staircase to the Lair.
 14170 | D:11     | Noticed a death yak
 14171 | D:11     | Noticed a death yak
 14171 | D:11     | Noticed a death yak
 14242 | D:11     | Killed a death yak
 14436 | D:10     | HP: 4/83 [centaur/arrow (2)]
 14837 | D:9      | Gained mutation: Your spells are a little harder to cast,
                  | but a little more powerful. [potion of mutation]
 14837 | D:9      | Gained mutation: Your spells are harder to cast, but more
                  | powerful. [potion of mutation]
 14837 | D:9      | Gained mutation: You are robust. (+10% HP) [potion of
                  | mutation]
 14853 | D:9      | Killed a two-headed ogre
 14854 | D:9      | Reached XP level 11. HP: 28/97 MP: 24/26
 15397 | D:9      | Reached skill level 10 in Conjurations
 15454 | D:9      | Found a staircase to the Orcish Mines.
 15910 | D:10     | Killed a death yak
 17255 | D:11     | Killed a death yak
 17749 | D:11     | Noticed a two-headed ogre
 17763 | D:11     | Killed a two-headed ogre
 17824 | D:11     | HP: 5/100 [something (7)]
 17824 | D:11     | Slain by a vampire

Illustrated notes

Levels and vault maps discovered:
D:1:      dpeg_arrival_orchard, layout_basic, dilly_ecumenical_altar_fadedgnrine
D:2:      minmay_spotlight, layout_rooms, hex_tiny, minmay_three_crescents,
          uniq_jessica
D:3:      layout_basic, mainiacjoe_overflow_catwalk,
          gammafunk_temple_overflow_claw, serial_rivers,
          chequers_serial_rivers_micro_b, chequers_serial_rivers_room_b,
          chequers_serial_rivers_micro_a, chequers_serial_rivers_small_a,
          serial_shops, nicolae_shop_temple_entry_statues_fountains
D:4:      layout_gridville, mainiacjoe_overflow_alcove_4,
          minmay_temple_entry_junction, kennysheep_small_square
D:5:      kennysheep_big_flooded_room, layout_basic
D:6:      layout_cave_pools, kennysheep_ying_yang, nicolae_uskayaw_dance_hall,
          kennysheep_orc_sif_temple, corner_web_ring, minmay_shop_mayhem,
          item_on_display_a, uniq_blork_the_orc
D:7:      layout_loops_corners, grunt_temple_overflow_gold_and_silver,
          enter_bailey_3, uniq_harold
D:8:      layout_basic, grunt_ashenzari_visionary
          [grunt_ashenzari_visionary_swamp, grunt_ashenzari_visionary_spider],
          serial_shops, shop_statue, serial_aquarium, aquarium_bridge_square
          [aquarium_subvault_balcony, aquarium_subvault_wall,
          aquarium_subvault_bridge, aquarium_subvault_bridge],
          aquarium_bridge_long_separate [aquarium_subvault_bridge,
          aquarium_subvault_bridge, aquarium_subvault_wall,
          aquarium_subvault_bridge, aquarium_subvault_bridge,
          aquarium_subvault_bridge], aquarium_window_1, aquarium_window_1,
          aquarium_view_2c, aquarium_balcony_5b
D:9:      layout_big_octagon, mainiacjoe_overflow_six_doors_small, erik_orc_1,
          serial_gnoll_camp, gnoll_camp_medium_01, gnoll_camp_mini_house,
          gnoll_camp_mini_doghouse, gnoll_camp_mini_sergeant,
          gnoll_camp_mini_house, gnoll_camp_mini_doghouse,
          chequers_serial_rivers_room_a
D:10:     layout_cave_pods, kb_lookout_dungeons_type, uniq_maurice
D:11:     layout_stronghold, dpeg_lair_monsters,
          portal_ice_cave_entry_pillars_1, st_stairs_11, minmay_holes
Temple:   jpeg_temple_island

Skill      XL: |  1  2  3  4  5  6  7  8  9 10 11 |
---------------+----------------------------------+-----
Spellcasting   | 2 3 4 5 6 7 8 |  8.2
Conjurations   | 4 5 6 7 8 9 10 | 10.6
Fighting       | 1 2 3 4 5 6 |  6.8
Armour         | 1 2 3 4 5 6 |  6.9
Short Blades   | 1 2 4 5 |  5.1
Shields        | 2 3 |  3.8
Dodging        | |  1.9
Stealth        | |  1.9

Action                   |  1- 3 |  4- 6 |  7- 9 | 10-12 || total
-------------------------+-------+-------+-------+-------++-------
Melee: Falchion          |    13 |       |       |       ||    13
       Dagger            |       |    38 |   144 |   723 ||   905
       Scimitar          |       |       |       |     9 ||     9
Throw: Throwing net      |       |       |     1 |       ||     1
 Cast: Magic Dart        |    83 |   112 |   115 |     3 ||   313
       Searing Ray       |       |     3 |    42 |       ||    45
Evoke: Wand              |       |       |    17 |    10 ||    27
       Lightning rod     |       |       |       |     4 ||     4
  Use: Potion            |       |     2 |    10 |    10 ||    22
       Scroll            |       |       |     8 |     8 ||    16
 Stab: Sleeping          |       |     1 |     1 |       ||     2
       Paralysed         |       |       |     6 |     2 ||     8
       Invisible         |       |       |     1 |       ||     1
Armor: Robe              |     4 |     9 |    11 |       ||    24
       Ring mail         |       |       |    77 |    25 ||   102
       Plate armour      |       |       |       |   545 ||   545
       Troll leather arm |       |       |       |    19 ||    19
Dodge: Dodged            |    11 |    21 |   148 |    96 ||   276
Block: Kite shield       |       |       |     1 |   336 ||   337
       Reflection        |       |       |       |    32 ||    32

Table legend: (Time is in decaauts)
 A = Elapsed time spent in this place.
 B = Non-inter-level travel time spent in this place.
 C = Inter-level travel time spent in this place.
 D = Time resting spent in this place.
 E = Time spent auto-exploring this place.
 F = Levels seen in this place.
 G = Mean time per level.
                   A        B        C        D        E       F      G
               +--------+--------+--------+--------+--------+-----+--------+
         Total |  17834 |  17411 |    423 |   2643 |  10826 |  12 | 1486.2 |
       Dungeon |  17832 |  17409 |    423 |   2643 |  10826 |  11 | 1621.1 |
        Temple |      1 |      1 |      0 |      0 |      0 |   1 |    1.0 |
               +--------+--------+--------+--------+--------+-----+--------+

Top non-repeatable levels by time:
    D:10: 2377 daAuts
     D:9: 2264 daAuts
     D:5: 2152 daAuts
     D:7: 2072 daAuts
     D:4: 1613 daAuts
     D:3: 1569 daAuts
     D:8: 1509 daAuts
     D:6: 1227 daAuts
    D:11: 1054 daAuts
     D:2: 1013 daAuts
     D:1: 979 daAuts
  Temple: 1 daAuts
